General information
- name: BNet
- type: Ladder team game (AT/RT)
- host: Battle.net
- saver: JAKEPCFKD
map: Mur'gulOasis
- players: 8
- length: 35:15
- speed: Fast
- version: 1.26 W3XP
- replay type: Public
» download(197 KB)
Players
team 1 (winner)
tk_stupid_ass (
orange | 72 APM | 1039 actions | 14:26)
3 Archmage
2 Blizzard
1 Brilliance Aura
» actions
| Assign group hotkey | 16 | |
| Basic commands | 3 | |
| Build / train | 135 | |
| Enter build submenu | 17 | |
| Enter hero's abilities submenu | 3 | |
| Remove unit from queue | 4 | |
| Right click | 384 | |
| Select / deselect | 290 | |
| Select group hotkey | 106 | |
| Use ability | 81 | |
1039 total
» units
| Peasant | 17 | |
| Footman | 6 | |
| Gryphon Rider | 30 | |
| Druid of the Claw | 7 | |
| Dragonhawk Rider | 14 | |
| Dryad | 7 | |
81 total
» upgrades
| Defend | 2 | |
| Swords | 2 | |
| Storm Hammers | 1 | |
| Animal War Training | 1 | |
| Armor | 1 | |
| Mark of the Claw | 1 | |
| Cloud | 1 | |
9 total
» buildings
| Farm | 11 | |
| Altar of Kings | 1 | |
| Barracks | 1 | |
| Scout Tower | 4 | |
| Arcane Tower | 3 | |
| Arcane Vault | 2 | |
| Keep | 1 | |
| Lumber Mill | 1 | |
| Blacksmith | 1 | |
| Castle | 2 | |
| Gryphon Aviary | 3 | |
| Moon Well | 1 | |
31 total
» build order
00:24 Farm
00:25 Farm
01:07 Altar of Kings
01:11 Barracks
01:15 Farm
01:16 Farm
01:35 Farm
01:39 Farm
02:24 Scout Tower
02:26 Scout Tower
02:55 Arcane Tower
02:55 Arcane Tower
03:16 Arcane Vault
03:21 Arcane Vault
04:08 Scout Tower
04:10 Scout Tower
04:14 Keep
04:44 Lumber Mill
04:46 Arcane Tower
05:49 Blacksmith
06:46 Castle
06:46 Castle
06:50 Gryphon Aviary
06:51 Gryphon Aviary
06:52 Gryphon Aviary
07:25 Farm
07:27 Farm
07:27 Farm
07:29 Farm
07:30 Farm
14:26 Moon Well
» items
| Scroll of Regeneration | 4 | |
| Lesser Clarity Potion | 2 | |
| Scroll of Town Portal | 2 | |
| Potion of Invisibility | 1 | |
| Staff of Teleportation | 1 | |
| Dust of Appearance | 1 | |
11 total
Swole (
teal | 124 APM | 1787 actions | 14:26)
5 Blademaster
3 Wind Walk
2 Critical Strike
1 Mountain King
1 Bash
» actions
| Assign group hotkey | 24 | |
| Basic commands | 15 | |
| Build / train | 73 | |
| Enter build submenu | 51 | |
| Enter hero's abilities submenu | 12 | |
| Give item / drop item | 4 | |
| Remove unit from queue | 1 | |
| Right click | 847 | |
| Select / deselect | 367 | |
| Select group hotkey | 240 | |
| Use ability | 153 | |
1787 total
» units
| Peon | 13 | |
| Grunt | 6 | |
| Wind Rider | 10 | |
| Troll Batrider | 5 | |
34 total
» upgrades
| Ranged Weapons | 3 | |
| Armor | 3 | |
| Reinforced Defenses | 1 | |
| Liquid Fire | 1 | |
| Well Spring | 1 | |
| Spiked Barricades | 1 | |
| Envenomed Spears | 1 | |
| Ensnare | 1 | |
| Pillage | 1 | |
13 total
» buildings
| Orc Burrow | 4 | |
| Altar of Storms | 2 | |
| Barracks | 2 | |
| Voodoo Lounge | 1 | |
| Stronghold | 1 | |
| War Mill | 2 | |
| Beastiary | 2 | |
| Watch Tower | 27 | |
| Fortress | 1 | |
| Moon Well | 12 | |
| Great Hall | 2 | |
56 total
» build order
00:15 Orc Burrow
00:52 Altar of Storms
00:53 Barracks
00:58 Altar of Storms
01:00 Barracks
01:09 Orc Burrow
01:59 Voodoo Lounge
02:50 Stronghold
03:45 Orc Burrow
05:02 War Mill
05:28 Beastiary
05:28 Beastiary
06:05 Orc Burrow
08:32 Watch Tower
10:56 Fortress
14:26 Moon Well
» items
| Lesser Clarity Potion | 1 | |
| Healing Salve | 3 | |
| Orb of Lightning | 1 | |
| Scroll of Town Portal | 1 | |
| Boots of Speed | 1 | |
| Periapt of Vitality | 1 | |
| Staff of Teleportation | 1 | |
| Potion of Lesser Invulnerability | 1 | |
| Potion of Invisibility | 1 | |
11 total

»
F.U.C.K.O.F.F. (
blue | 44 APM | 635 actions | 14:26)
4 Demon Hunter
2 Mana Burn
2 Evasion
» actions
| Assign group hotkey | 15 | |
| Basic commands | 66 | |
| Build / train | 48 | |
| Enter build submenu | 13 | |
| Enter hero's abilities submenu | 4 | |
| Right click | 131 | |
| Select / deselect | 160 | |
| Select group hotkey | 153 | |
| Use ability | 45 | |
635 total
» units
| Wisp | 13 | |
| Archer | 6 | |
| Glaive Thrower | 1 | |
| Dryad | 2 | |
| Druid of the Claw | 4 | |
26 total
» upgrades
| Strength of the Wild | 2 | |
| Reinforced Hides | 2 | |
| Abolish Magic | 1 | |
| Druid of the Claw Training | 2 | |
| Nature's Blessing | 1 | |
8 total
» buildings
| Moon Well | 4 | |
| Ancient of War | 1 | |
| Altar of Elders | 1 | |
| Ancient of Wonders | 1 | |
| Hunter's Hall | 1 | |
| Ancient Protector | 2 | |
| Tree of Ages | 1 | |
| Ancient of Lore | 2 | |
| Tree of Eternity | 1 | |
14 total
» build order
00:20 Moon Well
00:23 Moon Well
00:51 Ancient of War
01:07 Altar of Elders
02:29 Ancient of Wonders
02:57 Hunter's Hall
04:02 Moon Well
04:33 Ancient Protector
04:51 Ancient Protector
05:37 Tree of Ages
05:51 Moon Well
08:03 Ancient of Lore
08:08 Ancient of Lore
11:01 Tree of Eternity
» items
| Dust of Appearance | 1 | |
| Periapt of Vitality | 1 | |
| Boots of Speed | 1 | |
| Scroll of Town Portal | 2 | |
| Staff of Preservation | 1 | |
| Potion of Healing | 1 | |
7 total
master-eloy (
pink | 45 APM | 653 actions | 14:26)
5 Mountain King
3 Storm Bolt
2 Bash
1 Paladin
1 Holy Light
» actions
| Assign group hotkey | 18 | |
| Build / train | 63 | |
| ESC pressed | 3 | |
| Enter build submenu | 23 | |
| Enter hero's abilities submenu | 7 | |
| Give item / drop item | 1 | |
| Remove unit from queue | 4 | |
| Right click | 232 | |
| Select / deselect | 190 | |
| Select group hotkey | 64 | |
| Use ability | 48 | |
653 total
» units
| Peasant | 10 | |
| Footman | 12 | |
| Knight | 8 | |
| Sorceress | 1 | |
31 total
» upgrades
| Swords | 2 | |
| Plating | 1 | |
| Lumber Harvesting | 1 | |
| Animal War Training | 1 | |
5 total
» buildings
| Altar of Kings | 1 | |
| Farm | 8 | |
| Barracks | 2 | |
| Scout Tower | 3 | |
| Arcane Tower | 1 | |
| Lumber Mill | 1 | |
| Arcane Vault | 1 | |
| Keep | 1 | |
| Guard Tower | 3 | |
| Castle | 1 | |
| Blacksmith | 1 | |
| Arcane Sanctum | 1 | |
24 total
» build order
00:08 Altar of Kings
00:10 Farm
00:15 Barracks
00:54 Farm
01:52 Farm
02:26 Scout Tower
03:11 Arcane Tower
03:22 Lumber Mill
03:28 Arcane Vault
03:31 Farm
04:38 Scout Tower
04:43 Keep
06:02 Barracks
06:30 Guard Tower
06:37 Scout Tower
07:40 Guard Tower
07:46 Castle
09:39 Blacksmith
10:00 Guard Tower
11:01 Arcane Sanctum
11:37 Farm
12:16 Farm
13:25 Farm
14:26 Farm
» items
| Lesser Clarity Potion | 1 | |
| Scroll of Town Portal | 2 | |
| Potion of Healing | 1 | |
| Scroll of Regeneration | 1 | |
| Ivory Tower | 1 | |
| Potion of Lesser Invulnerability | 1 | |
| Orb of Lightning | 1 | |
8 total
team 2 (loser)
iphone5 (
red | 128 APM | 1854 actions | 14:26)
5 Death Knight
3 Death Coil
2 Unholy Aura
» actions
| Basic commands | 44 | |
| Build / train | 66 | |
| Enter build submenu | 27 | |
| Enter hero's abilities submenu | 6 | |
| Give item / drop item | 2 | |
| Remove unit from queue | 2 | |
| Right click | 1095 | |
| Select / deselect | 493 | |
| Use ability | 119 | |
1854 total
» units
| Acolyte | 2 | |
| Ghoul | 3 | |
| Crypt Fiend | 13 | |
| Frost Wyrm | 9 | |
27 total
» upgrades
| Creature Carapace | 3 | |
| Creature Attack | 3 | |
| Web | 1 | |
| Freezing Breath | 1 | |
8 total
» buildings
| Ziggurat | 7 | |
| Altar of Darkness | 1 | |
| Crypt | 1 | |
| Graveyard | 1 | |
| Nerubian Tower | 1 | |
| Tomb of Relics | 1 | |
| Halls of the Dead | 1 | |
| Sacrificial Pit | 1 | |
| Black Citadel | 3 | |
| Boneyard | 3 | |
20 total
» build order
00:15 Ziggurat
00:19 Altar of Darkness
00:24 Crypt
00:47 Graveyard
01:03 Ziggurat
01:39 Nerubian Tower
02:28 Tomb of Relics
03:13 Ziggurat
04:54 Halls of the Dead
06:21 Ziggurat
07:29 Sacrificial Pit
07:36 Black Citadel
07:36 Black Citadel
07:37 Black Citadel
10:31 Boneyard
10:53 Boneyard
10:59 Boneyard
12:33 Ziggurat
14:26 Ziggurat
» items
| Rod of Necromancy | 1 | |
| Scroll of Regeneration | 1 | |
| Lesser Clarity Potion | 1 | |
| Potion of Healing | 4 | |
| Scroll of Town Portal | 1 | |
| Dust of Appearance | 1 | |
| Potion of Lesser Invulnerability | 1 | |
| Potion of Mana | 1 | |
11 total

»
r457 (
purple | 109 APM | 1571 actions | 14:26)
3 Tauren Chieftain
1 Shockwave
2 Endurance Aura
4 Shadow Hunter
2 Healing Wave
2 Hex
3 Dark Ranger
2 Black Arrow
1 Silence
» actions
| Assign group hotkey | 29 | |
| Basic commands | 80 | |
| Build / train | 58 | |
| Enter build submenu | 17 | |
| Enter hero's abilities submenu | 15 | |
| Remove unit from queue | 1 | |
| Right click | 242 | |
| Select / deselect | 242 | |
| Select group hotkey | 828 | |
| Use ability | 59 | |
1571 total
» units
| Peon | 8 | |
| Troll Headhunter/Berserker | 4 | |
| Wind Rider | 5 | |
| Shaman | 4 | |
| Kodo Beast | 1 | |
| Tauren | 4 | |
26 total
» upgrades
| Troll Regeneration | 1 | |
| Armor | 1 | |
| Shaman Training | 2 | |
| Berserker Upgrade | 1 | |
| War Drums Damage Increase | 1 | |
| Spiked Barricades | 1 | |
7 total
» buildings
| Orc Burrow | 6 | |
| War Mill | 1 | |
| Altar of Storms | 1 | |
| Barracks | 1 | |
| Stronghold | 1 | |
| Voodoo Lounge | 1 | |
| Fortress | 1 | |
| Spirit Lodge | 1 | |
| Beastiary | 1 | |
| Tauren Totem | 2 | |
| Great Hall | 1 | |
| Watch Tower | 3 | |
20 total
» build order
00:23 Orc Burrow
00:41 War Mill
01:07 Altar of Storms
01:54 Orc Burrow
02:12 Barracks
02:23 Orc Burrow
02:59 Stronghold
03:32 Voodoo Lounge
04:24 Orc Burrow
05:52 Fortress
06:47 Spirit Lodge
07:09 Beastiary
07:38 Orc Burrow
09:11 Tauren Totem
10:51 Tauren Totem
12:16 Orc Burrow
14:26 Watch Tower
» items
| Healing Salve | 1 | |
| Scroll of Town Portal | 2 | |
| Orb of Lightning | 1 | |
4 total
JAKEPCFKD (
green | 232 APM | 3348 actions | 14:26)
6 Blademaster
3 Wind Walk
3 Critical Strike
» actions
| Assign group hotkey | 124 | |
| Basic commands | 280 | |
| Build / train | 117 | |
| ESC pressed | 11 | |
| Enter build submenu | 34 | |
| Enter hero's abilities submenu | 7 | |
| Give item / drop item | 16 | |
| Right click | 1388 | |
| Select / deselect | 343 | |
| Select group hotkey | 800 | |
| Use ability | 228 | |
3348 total
» units
» upgrades
| Berserker Strength | 1 | |
| Pillage | 1 | |
| Armor | 3 | |
| Ranged Weapons | 3 | |
| Reinforced Defenses | 1 | |
| Envenomed Spears | 1 | |
| Spiked Barricades | 1 | |
11 total
» buildings
| Orc Burrow | 7 | |
| Altar of Storms | 1 | |
| Barracks | 1 | |
| Voodoo Lounge | 2 | |
| Stronghold | 4 | |
| War Mill | 1 | |
| Watch Tower | 15 | |
| Beastiary | 2 | |
| Fortress | 4 | |
| Great Hall | 2 | |
39 total
» build order
00:11 Orc Burrow
00:41 Orc Burrow
01:07 Altar of Storms
01:09 Barracks
01:58 Voodoo Lounge
02:40 Orc Burrow
03:56 Stronghold
03:56 Stronghold
03:56 Stronghold
05:33 War Mill
07:03 Watch Tower
07:06 Watch Tower
07:27 Watch Tower
07:44 Beastiary
08:07 Fortress
08:08 Fortress
08:12 Beastiary
08:19 Orc Burrow
10:35 Watch Tower
11:17 Watch Tower
14:17 Orc Burrow
14:19 Orc Burrow
14:23 Watch Tower
14:26 Great Hall
» items
| Healing Salve | 6 | |
| Lesser Clarity Potion | 2 | |
| Boots of Speed | 1 | |
| Staff of Teleportation | 2 | |
| Orb of Lightning | 1 | |
| Scroll of Town Portal | 2 | |
| Scroll of Healing | 2 | |
| Scroll of Protection | 2 | |
| Potion of Healing | 1 | |
| Scroll of Regeneration | 2 | |
21 total
123killa (
yellow | 69 APM | 992 actions | 14:26)
4 Blood Mage
2 Flame Strike
1 Banish
1 Siphon Mana
1 Tauren Chieftain
1 Endurance Aura
» actions
| Assign group hotkey | 3 | |
| Basic commands | 40 | |
| Build / train | 96 | |
| Enter build submenu | 28 | |
| Enter hero's abilities submenu | 6 | |
| Remove unit from queue | 9 | |
| Right click | 447 | |
| Select / deselect | 305 | |
| Select group hotkey | 11 | |
| Use ability | 46 | |
992 total
» units
| Peasant | 24 | |
| Footman | 2 | |
| Rifleman | 20 | |
| Sorceress | 6 | |
| Raider | -2 | |
| Knight | 4 | |
| Shaman | 3 | |
57 total
» upgrades
| Gunpowder | 2 | |
| Long Rifles | 1 | |
| Masonry | 1 | |
| Armor | 2 | |
| Magic Sentry | 1 | |
| Sorceress Training | 1 | |
| Lumber Harvesting | 1 | |
| Swords | 1 | |
10 total
» buildings
| Altar of Kings | 1 | |
| Farm | 9 | |
| Barracks | 1 | |
| Lumber Mill | 1 | |
| Blacksmith | 1 | |
| Arcane Vault | 1 | |
| Scout Tower | 9 | |
| Keep | 1 | |
| Guard Tower | 5 | |
| Arcane Sanctum | 2 | |
| Arcane Tower | 3 | |
| Castle | 1 | |
35 total
» build order
00:57 Altar of Kings
01:16 Farm
01:23 Barracks
01:58 Farm
02:23 Lumber Mill
02:39 Blacksmith
02:45 Farm
03:24 Farm
03:52 Arcane Vault
04:06 Scout Tower
04:54 Keep
05:55 Guard Tower
08:04 Farm
08:48 Scout Tower
09:20 Guard Tower
09:23 Farm
11:17 Scout Tower
11:47 Guard Tower
11:49 Scout Tower
12:30 Guard Tower
12:34 Farm
13:09 Scout Tower
14:26 Farm
» items
Chat log
(04:35 / All) Swole: good one
(04:36 / All) Swole: scrub
(04:46 / All) JAKEPCFKD: level 1 bm harass
(04:47 / All) JAKEPCFKD: lol
(05:02 / All) F.U.C.K.O.F.F.: weak base build scrubcakes
(05:15 / All) JAKEPCFKD: our idiot bm harasser getting raped lol
(05:20 / All) JAKEPCFKD: total noob yellow
(06:36 / All) JAKEPCFKD: thanks for free xp
(07:12 / Allies) 123killa: wood?
(07:47 / Allies) 123killa: ty
(09:31 / Allies) iphone5: tp
(11:44 / Allies) 123killa: wse should hit
(13:00 / All) Swole: faggot porch monkey
(13:19 / Allies) r457: take teal down
(14:21 / All) Swole: why my base you fucking faggots?
(14:24 / All) F.U.C.K.O.F.F.: stupid apes for allies
(14:26 / All) JAKEPCFKD: kk